 Dungeon Crawl Stone Soup version 0.29.1-2-gbd0b4ee654 (webtiles) character file.

Game seed: 14599876478473097415

49 kalagan the Digger (level 3, 0/19 HPs)
             Began as a Deep Elf Earth Elementalist on Nov 28, 2022.
             Slain by an orc
             ... wielding a +0 club
              (1 damage)
             ... on level 3 of the Dungeon.
             The game lasted 00:02:29 (2469 turns).

kalagan the Digger (Deep Elf Earth Elementalist)    Turns: 2469, Time: 00:02:29

Health: 0/19       AC:  2    Str:  7    XL:     3   Next: 53%
Magic:  8/10       EV: 13    Int: 19    God:
Gold:   123        SH:  0    Dex: 15    Spells: 3/9 levels left

rFire   . . .      SeeInvis .   (no weapon)
rCold   . . .      Faith    .   (no shield)
rNeg    . . .      Spirit   .   a - +0 robe
rPois   .          Reflect  .   (no helmet)
rElec   .          Harm     .   (no cloak)
rCorr   .          Rampage  .   (no gloves)
Will    .....                   (no boots)
Stlth   ++........              (no amulet)
HPRegen 0.06/turn               (no ring)
MPRegen 0.12/turn               (no ring)

@: no status effects
A: no striking features
a: no special abilities


You were on level 3 of the Dungeon.
You visited 1 branch of the dungeon, and saw 3 of its levels.

You collected 123 gold pieces.

Inventory:

Missiles
 r - 5 poisoned darts
Armour
 a - a +0 robe (worn)
 d - a +2 leather armour of cold resistance
Jewellery
 n - an amulet of guardian spirit
Scrolls
 f - a scroll of teleportation
 h - a scroll of blinking
 j - 2 scrolls of magic mapping
 m - a scroll of immolation
 p - a scroll of amnesia
 q - a scroll of brand weapon
Potions
 b - a potion of magic
 c - 2 potions of curing {unknown}
 e - a potion of might {unknown}
 i - 2 potions of resistance {unknown}
 l - a potion of heal wounds {unknown}
 o - a potion of brilliance {unknown}


   Skills:
 + Level 2.8 Dodging
 + Level 2.9 Stealth
 * Level 3.6 Spellcasting
 * Level 1.3 Conjurations
 + Level 1.6 Transmutations
 * Level 3.7 Earth Magic


You had 3 spell levels left.
You knew the following spells:

 Your Spells              Type           Power      Damage    Failure   Level
a - Sandblast             Erth           34%        2d9       3%          1
b - Passwall              Tmut/Erth      10%        N/A       7%          2
c - Stone Arrow           Conj/Erth      26%        3d8       16%         3

Your spell library contained the following spells:

 Spells                   Type           Power      Damage    Failure   Level
 Beastly Appendage        Tmut           18%        N/A       8%          1
 Wereblood                Tmut           9%         N/A       11%         2
 Spider Form              Tmut/Pois      6%         N/A       30%         3
 Petrify                  Tmut/Erth      13%        N/A       43%         4


Dungeon Overview and Level Annotations

Branches:
Dungeon (3/15)

Altars:


Message History

The orc shouts!
You hear a shout!
The blast of sand hits the orc.
The orc is moderately wounded.
The orc shouts!
The orc priest shouts!
You hear a shout!
An orc comes into view. It is wielding a +0 flail.
The orc priest mumbles some strange prayers to Beogh against you.
Beogh smites you!
Ouch! That really hurt!
The orc shouts!
The orc priest looks satisfied for a moment.
You see here a frilled lizard corpse.
You see here a +0 club.
There is a stone staircase leading up here.
You climb upwards.
There is a stone staircase leading down here.
You start resting.
HP restored.
You start waiting.
Done waiting.
You climb downwards.
The orc closely misses you. The orc misses you.
The orc hits you with a +0 falchion. The orc misses you.
There is a stone staircase leading up here.
The blast of sand hits the orc.
The orc is severely wounded.
The orc hits you with a +0 falchion. The orc hits you with a +0 club.
You are too injured to fight recklessly!
You are too injured to fight recklessly!
You are too injured to fight recklessly!
Unknown command.
Casting: Sandblast (safe; 3% risk of failure)
Confirm with . or Enter, or press ? or * to list all spells.
Aiming: Sandblast (safe; 3% risk of failure)
Press: ? - help, Shift-Dir - straight line, f/p - orc
Aim: an orc, wielding a +0 club and wearing a +0 ring mail (severely wounded, 84% to hit)
The blast of sand hits the orc but does no damage.
The orc is severely wounded.
The orc hits you but does no damage. The orc hits you with a +0 falchion.
* * * LOW HITPOINT WARNING * * *
The orc hits you with a +0 club.
You die...

.....†....).............#
#......######..##########
...###...........# .
###.........# #.........#
#.........# ########.##
#o# #@# #o# #.# #.. ###


You could see 2 orcs.

Vanquished Creatures
  An adder (D:2)
  A worm (D:2)
  2 dart slugs
  4 ball pythons
  2 endoplasms (D:2)
  A giant cockroach (D:2)
  2 goblins
  4 hobgoblins
  2 quokkas (D:2)
  3 bats
  2 frilled lizards
  5 kobolds
  6 rats
35 creatures vanquished.

Vanquished Creatures (others)
  A fungus (D:2)
1 creature vanquished.

Grand Total: 36 creatures vanquished

Notes
Turn   | Place    | Note
-------+----------+-------------------------------------------
     0 | D:1      | kalagan the Deep Elf Earth Elementalist began the quest for
                  | the Orb.
     0 | D:1      | Reached XP level 1. HP: 10/10 MP: 6/6
   409 | D:1      | Reached XP level 2. HP: 15/15 MP: 6/8
   412 | D:1      | Learned a level 2 spell: Passwall
   952 | D:2      | Reached skill level 1 in Conjurations
  1140 | D:2      | Reached XP level 3. HP: 19/19 MP: 7/9
  1144 | D:2      | Learned a level 3 spell: Stone Arrow
  1636 | D:2      | Found a faded altar of an unknown god.
  2469 | D:3      | Slain by an orc

Illustrated notes

Levels and vault maps discovered:
D:1:      lemuel_arrival_rhombus, layout_loops_ring
D:2:      layout_rooms, shapermc_ecumenical_altar_petra, minivault_23,
          minmay_misc_feat_iff, grunt_ministairs_6, minmay_quantized
D:3:      layout_rooms, serial_shops, nicolae_shop_crystal,
          kennysheep_big_empty_room

Skill      XL: |  1  2 |
---------------+-------+-----
Conjurations   | 1 |  1.3
Dodging        | |  2.8
Stealth        | |  2.9
Spellcasting   | |  3.6
Transmutations | |  1.6
Earth Magic    | |  3.7

Action                   || total
-------------------------++-------
Melee: Unarmed           ||     1
 Cast: Sandblast         ||    53
  Use: Scroll            ||     8
Armor: Robe              ||     5
Dodge: Dodged            ||    21
